 Dungeon Crawl Stone Soup version 0.22-a0-374-g5dfd9e3 (webtiles) character file.

790 EnegeticOcto the Covert (level 7, 0/45 HPs)
             Began as an Octopode Transmuter on Apr 26, 2018.
             Splashed by a jelly's acid (9 damage)
             ... on level 5 of the Dungeon.
             The game lasted 00:08:15 (4880 turns).

EnegeticOcto the Covert (Octopode Transmuter)       Turns: 4880, Time: 00:08:16

Health: 0/45       AC: -3    Str: 10    XL:     7   Next: 87%
Magic:  10/10      EV: 13    Int: 17    God:
Gold:   141        SH:  0    Dex: 12    Spells: 4/10 levels left

rFire    . . .     SeeInvis .   d - +2 whip (elec)
rCold    . . .     Gourm    .   (no shield)
rNeg     . . .     Faith    .   (helmet restricted)
rPois    .         Spirit   .   k - amulet of magic regeneration
rElec    .         Reflect  .   (no ring)
rCorr    .         Harm     .   (no ring)
MR       .....                  (no ring)
Stlth    +++++.....             (no ring)
HPRegen  0.15/turn              (no ring)
MPRegen  0.37/turn              (no ring)
                                (no ring)
                                (no ring)

@: corroded
A: almost no armour, stealthy swim, amphibious, 8 rings, constrict 8, camouflage
1, gelatinous body 1
a: no special abilities


You were on level 5 of the Dungeon.
You were hungry.

You visited 1 branch of the dungeon, and saw 5 of its levels.

You collected 141 gold pieces.

Inventory:

Hand Weapons
 d - a +2 whip of electrocution (weapon)
Missiles
 a - 4 arrows
 q - 7 javelins of penetration (quivered)
Jewellery
 k - an amulet of magic regeneration (around mantle)
Wands
 l - a wand of scattershot (2)
Scrolls
 p - a scroll of fear {unknown}
 r - 2 scrolls of blinking {unknown}
Potions
 b - a potion of magic
 e - a potion of resistance {unknown}
 f - a potion of flight {unknown}
 g - 2 potions of invisibility {unknown}
 h - 3 potions of curing {unknown}
 i - 2 potions of degeneration {unknown}
 j - a potion of heal wounds {unknown}
 m - a potion of lignification {unknown}
 o - a potion of cancellation {unknown}
Comestibles
 c - 5 rations


   Skills:
 + Level 2.2 Fighting
 - Level 2.0 Dodging
 + Level 8.2 Stealth
 - Level 3.1 Unarmed Combat
 - Level 2.0 Spellcasting
 + Level 2.8 Transmutations
 + Level 6.1 Poison Magic


You had 4 spell levels left.
You knew the following spells:

 Your Spells              Type           Power        Failure   Level  Hunger
a - Beastly Appendage     Tmut           ##....       6%          1    #......
b - Sticks to Snakes      Tmut           ##......     9%          2    ###....
c - Spider Form           Tmut/Pois      ###.......   10%         3    ###....


Dungeon Overview and Level Annotations

Branches:
Dungeon (5/15)
 Temple: D:4-7

Altars:
Gozag
Okawaru
Sif Muna
Xom


Innate Abilities, Weirdness & Mutations

You cannot wear most types of armour.
You are very stealthy in the water. (Stealth+)
You are amphibious.
You can wear up to eight rings at the same time.
You can use your tentacles to constrict eight enemies at once.
Your skin changes colour to match your surroundings (Stealth+).
Your rubbery body absorbs attacks. (AC +1, EV +1)


Message History

You squeeze the bullfrog zombie, but do no damage.
The bullfrog zombie is almost destroyed.
You constrict the bullfrog zombie.
You destroy the bullfrog zombie!
The helpless jelly fails to defend itself.
You hit the jelly.
Your tentacles burn!
You tentacle-slap the jelly.
The jelly is lightly wounded.
The jelly hits you.
You are splashed with acid!
The acid burns!
You hit the jelly.
Your tentacles burn!
The jelly is moderately wounded.
The jelly hits you.
You are splashed with acid!
The acid burns!
You hit the jelly.
Your tentacles burn!
The jelly is severely wounded.
The jelly hits you. The acid corrodes you!
You are splashed with acid!
The acid burns!
* * * LOW HITPOINT WARNING * * *
The jelly hits you.
* * * LOW HITPOINT WARNING * * *
You are splashed with acid!
The acid burns!
You die...

.....####.#####.##
.....# #.# #..#
.....####.# ##.#
.....'....# #.## ##
(.[..###### ##..###...
######## #........#
#...# #......[.# #...#
#........# #...#
#.@....... ####...#
#....J......## ..##...#
#...........# ..''...#
#.........$.# ..##...#
#.......#...#
..###+#######.....##..#
.........# #.....# ..#
##.......# #.....# .#
.'.......#


You could see a jelly.

Vanquished Creatures
  The ghost of EnegeticOcto the Insei, an amateur OpTm (D:3)
  Sigmund (D:3)
  An ice beast (D:2)
  An ogre (D:4)
  A howler monkey (D:5)
  A bullfrog zombie (D:5)
  A hound (D:4)
  A worker ant (D:4)
  2 adders
  2 gnolls (D:2)
  3 oozes
  3 worms
  A dart slug (D:1)
  5 leopard geckos
  4 bats
  13 giant cockroaches
  9 hobgoblins
  4 quokkas
  6 frilled lizards
  6 goblins
  6 kobolds
  A leopard gecko zombie (D:5)
  4 rats
77 creatures vanquished.

Vanquished Creatures (collateral kills)
  An orc priest (D:3)
  A gnoll (D:2)
  2 orcs (D:3)
4 creatures vanquished.

Grand Total: 81 creatures vanquished

Notes
Turn   | Place    | Note
-------+----------+-------------------------------------------
     0 | D:1      | EnegeticOcto the Octopode Transmuter began the quest for the Orb.
     0 | D:1      | Reached XP level 1. HP: 13/13 MP: 3/3
   102 | D:1      | Reached skill level 1 in Stealth
   102 | D:1      | Reached XP level 2. HP: 18/18 MP: 5/5
   129 | D:1      | Learned a level 2 spell: Sticks to Snakes
   187 | D:1      | Reached skill level 2 in Stealth
   268 | D:1      | Reached skill level 3 in Stealth
   268 | D:1      | Reached XP level 3. HP: 6/23 MP: 6/6
   484 | D:1      | Learned a level 3 spell: Spider Form
   960 | D:2      | Reached skill level 1 in Poison Magic
  1011 | D:2      | Reached skill level 4 in Stealth
  1015 | D:2      | Noticed an ice beast
  1030 | D:2      | HP: 1/23 [ice beast (11)]
  1403 | D:2      | Reached XP level 4. HP: 22/28 MP: 0/7
  1522 | D:2      | Found an opulent altar of Gozag.
  1522 | D:2      | Found a deep blue altar of Sif Muna.
  1768 | D:2      | Killed an ice beast
  1768 | D:2      | Reached skill level 5 in Stealth
  1768 | D:2      | Reached XP level 5. HP: 33/33 MP: 8/8
  1857 | D:3      | Noticed EnegeticOcto's ghost (amateur OpTm)
  2296 | D:3      | Killed EnegeticOcto's ghost
  2296 | D:3      | Reached skill level 6 in Stealth
  2296 | D:3      | Reached XP level 6. HP: 9/38 MP: 9/9
  2688 | D:3      | Reached skill level 7 in Stealth
  2820 | D:3      | Noticed Sigmund
  2849 | D:3      | Killed Sigmund
  2849 | D:3      | Reached skill level 5 in Poison Magic
  2849 | D:3      | Reached XP level 7. HP: 25/43 MP: 7/10
  3677 | D:4      | Reached skill level 8 in Stealth
  4604 | D:5      | Entered Level 5 of the Dungeon
  4628 | D:5      | Found a shimmering altar of Xom.
  4743 | D:5      | Found an iron altar of Okawaru.
  4880 | D:5      | Splashed by a jelly's acid

Vault maps used:
D:1:      dpeg_arrival_tiny_j
D:2:      gammafunk_temple_overflow_statue, nrook_loot_triangle
D:3:      hangedman_abyss_or_decor_stabs, uniq_sigmund
D:5:      zin_scriptorium, kennysheep_little_box, minmay_temple_entry_poolview,
          first_ration, okawaru_metal_pillars_1_2

Skill      XL: |  1  2  3  4  5  6  7 |
---------------+----------------------+-----
Stealth        | 1 3 4 5 6 7 8 |  8.2
Poison Magic   | 1 3 4 5 6 |  6.1
Fighting       | 2 |  2.2
Dodging        | |  2.0
Unarmed Combat | |  3.1
Spellcasting   | |  2.0
Transmutations | |  2.8

Action                   |  1- 3 |  4- 6 |  7- 9 || total
-------------------------+-------+-------+-------++-------
Melee: Unarmed           |     9 |    11 |     5 ||    25
       Constrict         |    20 |     3 |     7 ||    30
       Whip              |    70 |    58 |    42 ||   170
       Tentacles         |    12 |     8 |     4 ||    24
       Punch             |     1 |     2 |     2 ||     5
 Cast: Sticks to Snakes  |     5 |     3 |       ||     8
       Spider Form       |       |     1 |     1 ||     2
Evoke: Wand              |       |     4 |       ||     4
  Use: Potion            |       |     1 |       ||     1
       Scroll            |       |       |     4 ||     4
 Stab: Sleeping          |     6 |     5 |    11 ||    22
       Distracted        |       |     1 |       ||     1
  Eat: Chunk             |     1 |     2 |     6 ||     9
       Ration            |       |     1 |       ||     1
Armor: Skin              |     7 |     2 |     3 ||    12
Dodge: Dodged            |    43 |    35 |    20 ||    98

Table legend:
 A = Spawn XP
 B = Non-spawn XP
 C = Spawn XP percentage of total XP
 D = Spawn monster count
 E = Non-spawn monster count
 F = Spawn count percentage of total count
 G = Total turns spent on level
                    A         B        C        D         E        F      G
               +---------+---------+-------+---------+---------+-------+---------
         Total |       0 |    1129 |   0.0 |       0 |      81 |   0.0 |  4880
               +---------+---------+-------+---------+---------+-------+---------
           D:1 |       0 |      61 |   0.0 |       0 |      30 |   0.0 |  1000
           D:2 |       0 |     188 |   0.0 |       0 |      16 |   0.0 |  1250
           D:3 |       0 |     564 |   0.0 |       0 |      24 |   0.0 |  1395
           D:4 |       0 |     215 |   0.0 |       0 |       7 |   0.0 |   959
           D:5 |       0 |     101 |   0.0 |       0 |       4 |   0.0 |   276
               +---------+---------+-------+---------+---------+-------+---------
